 Dungeon Crawl Stone Soup version 0.20.1-1-g8b1a95d (webtiles) character file.

5158 MajkelK the Cruncher (level 10, -5/136 HPs)
             Began as a Minotaur Berserker on Aug 3, 2017.
             Was a High Priest of Trog.
             Slain by a two-headed ogre
             ... wielding a +0 giant club
              (17 damage)
             ... on level 9 of the Dungeon.
             The game lasted 01:13:02 (8052 turns).

MajkelK the Cruncher (Minotaur Berserker)           Turns: 8052, Time: 01:13:02

Health: -5/136     AC: 13    Str: 28    XL:     10   Next: 33%
Magic:  9/9        EV: 13    Int:  5    God:    Trog [*****.]
Gold:   257        SH:  0    Dex: 11    Spells: 9/9 levels left

rFire    . . .     SeeInvis .   D - +4 quarterstaff (chaos)
rCold    . . .     Gourm    .   (shield currently unavailable)
rNeg     . . .     Faith    .   N - +2 scale mail {rPois}
rPois    +         Spirit   .   (helmet restricted)
rElec    .         Reflect  .   E - +0 cloak {rPois}
rCorr    .         Harm     .   O - +0 pair of gloves
MR       .....     Rnd*Rage +   (no boots)
Stlth    ..........             (no amulet)
Regen    0.4/turn               J - ring of flight
MPRegen  0.2/turn               r - ring of poison resistance

@: berserking, very quick
A: retaliatory headbutt, horns 2, berserk 1, wild magic 1
a: Berserk, Trog's Hand, Brothers in Arms, Burn Spellbooks, Renounce Religion,
Evoke Flight


You were on level 9 of the Dungeon.
You worshipped Trog.
Trog was extremely pleased with you.
You were not hungry.

You visited 2 branches of the dungeon, and saw 10 of its levels.

You collected 439 gold pieces.
You spent 182 gold pieces at shops.

Inventory:

Hand Weapons
 d - a +1 scythe of flaming
 e - a +0 dagger of venom
 l - a +0 dagger of freezing
 q - a +2 short sword of draining
 s - the cursed +1 great mace "Trog's Vengeance" {crush, rN+++ Str-4 Int-5 SInv}
   (You found it on level 7 of the Dungeon)

   It inflicts extra damage upon your enemies.
   It affects your strength (-4).
   It affects your intelligence (-5).
   It renders you almost immune to negative energy.
   It lets you see invisible.
   It has a curse placed upon it.
 u - a cursed +0 battleaxe of electrocution
 y - a +2 great sword
 A - a cursed +5 short sword
 B - a +1 short sword
 D - a +4 quarterstaff of chaos (weapon)
 L - a +0 hunting sling
 P - a +2 shortbow of freezing
 X - a +4 short sword
 Y - a +3 long sword
Missiles
 f - 8 javelins
 i - 200 arrows
 z - 103 bolts
 R - 37 poisoned needles
 V - 4 poisoned tomahawks (quivered)
Armour
 j - a +0 ring mail
 n - a +0 shield
 p - a +0 robe
 v - a +0 pair of gloves
 x - a +0 leather armour
 E - a +0 cloak of poison resistance (worn)
 N - a +2 scale mail of poison resistance (worn)
 O - a +0 pair of gloves (worn)
Jewellery
 r - a ring of poison resistance (right hand)
 J - a ring of flight (left hand)
Wands
 a - a wand of lightning (9/15)
 b - a wand of enslavement (13/24)
 g - a wand of random effects (22/48)
 h - a wand of acid (4/15)
 m - a wand of paralysis (14/24)
 K - a wand of digging (0/24)
 Q - a wand of clouds (3/9)
 T - a wand of paralysis (10/24)
Scrolls
 k - 6 scrolls of teleportation
 F - a scroll of magic mapping
 G - a scroll of remove curse
 I - a scroll of enchant weapon
Potions
 o - 2 potions of might {unknown}
 t - a potion of haste
 S - a potion of berserk rage
 U - 2 potions of flight
Comestibles
 c - 11 bread rations
 w - 4 meat rations


   Skills:
 * Level 9.5 Fighting
 - Level 6.2 Short Blades
 - Level 4.1 Axes
 + Level 9.7 Staves
 * Level 8.7 Armour
 * Level 6.2 Dodging


You had 9 spell levels left.
You didn't know any spells.

Dungeon Overview and Level Annotations

Branches:
Dungeon (9/15)             Temple (1/1) D:4
   Lair: D:8-11         Orc: D:9-12

Altars:
Ashenzari
Cheibriados
Dithmenos
Elyvilon
Fedhas
Gozag
Hepliaklqana
Kikubaaqudgha
Makhleb
Nemelex Xobeh
Okawaru
Qazlal
Sif Muna
Trog
Uskayaw
Vehumet
Xom
Yredelemnul
Zin
The Shining One

Shops:
D:4 [   D:8 %


Innate Abilities, Weirdness & Mutations

You reflexively headbutt those who attack you in melee.
You have a pair of horns on your head.
You tend to lose your temper in combat.
Your spells are a little harder to cast, but a little more powerful.


Message History

The two-headed ogre hits you with a giant club.
The two-headed ogre barely misses you.
You hit the two-headed ogre. You burn the two-headed ogre.
The two-headed ogre is heavily wounded.
You hit the two-headed ogre.
The two-headed ogre goes berserk!
Your headbutt misses the two-headed ogre.
The two-headed ogre is severely wounded.
The two-headed ogre hits you with a giant club!
* * * LOW HITPOINT WARNING * * *
The two-headed ogre hits you with a giant spiked club.
* * * LOW HITPOINT WARNING * * *
A red film seems to cover your vision as you go berserk!
You feel yourself moving faster!
You feel mighty!
You feel a lot more hungry.
The two-headed ogre hits you with a giant club!!
* * * LOW HITPOINT WARNING * * *
The two-headed ogre hits you but does no damage.
You hit the two-headed ogre.
The two-headed ogre is poisoned.
The two-headed ogre is severely wounded.
The two-headed ogre hits you with a giant club!
You die...

########################
.......................#
...$..O@.........#######
####..##########.# #.
#######.####### #
..............#
..............#
........#######
.........# #
..........#######
.................#


You could see a two-headed ogre (berserk).

Vanquished Creatures
  A two-headed ogre (D:9)
  The ghost of Toogi the Poker, a novice MfSk (D:4)
  Grinder (D:4)
  Prince Ribbit (D:9)
  A hippogriff (D:7)
  Sigmund (D:6)
  2 yaks (D:5)
  A spriggan (D:8)
  A black bear (D:6)
  An ice beast (D:8)
  3 orc warriors
  The ghost of Peloso the Covered, an amateur DDFi (D:3)
  A hornet zombie (D:9)
  A phantom (D:6)
  3 ogres
  3 centaurs
  A big kobold (D:7)
  3 bullfrogs (D:6)
  2 scorpions
  9 wights
  A howler monkey (D:4)
  A centaur zombie (D:5)
  5 crimson imps
  2 jellies
  Crazy Yiuf (D:2)
  2 centaur skeletons (D:9)
  2 hounds (D:5)
  An orc priest (D:7)
  A bullfrog skeleton (D:7)
  Jessica (D:2)
  3 iguanas
  6 orc wizards
  7 worker ants
  A hound skeleton (D:4)
  A howler monkey skeleton (D:6)
  5 adders
  A shadow imp (D:8)
  An ooze (D:5)
  An adder skeleton (D:8)
  7 worms
  A dart slug (D:2)
  6 leopard geckos
  14 orcs
  5 giant cockroaches
  5 hobgoblins
  4 jackals (D:5)
  13 kobolds
  2 quokkas (D:6)
  2 ball pythons
  A ball python skeleton (D:5)
  5 bats
  3 frilled lizards
  6 goblins
  A quokka skeleton (D:5)
  A quokka zombie (D:5)
  5 rats
162 creatures vanquished.

Notes
Turn   | Place    | Note
-------+----------+-------------------------------------------
     0 | D:1      | MajkelK the Minotaur Berserker began the quest for the Orb.
     0 | D:1      | Reached XP level 1. HP: 19/19 MP: 0/0
    59 | D:1      | Gained mutation: You tend to lose your temper in combat. [potion of mutation]
    59 | D:1      | Gained mutation: Your spells are a little harder to cast, but a little more powerful. [potion of mutation]
   310 | D:1      | Reached XP level 2. HP: 26/27 MP: 1/1
   794 | D:1      | Reached skill level 1 in Short Blades
   846 | D:2      | Reached ** piety under Trog
   851 | D:2      | Reached XP level 3. HP: 32/33 MP: 2/2
  1470 | D:2      | Found a runed door.
  1474 | D:2      | Noticed Crazy Yiuf
  1477 | D:2      | Killed Crazy Yiuf
  1477 | D:2      | Reached XP level 4. HP: 40/40 MP: 3/3
  1605 | D:2      | Noticed Jessica
  1610 | D:2      | Killed Jessica
  2041 | D:3      | Noticed Peloso's ghost (amateur DDFi)
  2049 | D:3      | Killed Peloso's ghost
  2049 | D:3      | Reached XP level 5. HP: 47/47 MP: 4/4
  2440 | D:4      | Reached XP level 6. HP: 43/55 MP: 5/5
  2634 | D:4      | Found an iron altar of Okawaru.
  2634 | D:4      | Found a hide-covered altar of Uskayaw.
  2670 | D:4      | Noticed Toogi's ghost (novice MfSk)
  2682 | D:4      | Killed Toogi's ghost
  2682 | D:4      | Reached skill level 5 in Fighting
  2682 | D:4      | Reached skill level 5 in Short Blades
  2682 | D:4      | Reached XP level 7. HP: 61/61 MP: 6/6
  2756 | D:4      | Found Houtuah's Armour Shoppe.
  2756 | D:4      | Noticed Grinder
  2765 | D:4      | Paralysed by Grinder for 6 turns
  2778 | D:4      | Killed Grinder
  2778 | D:4      | Reached skill level 5 in Armour
  2960 | D:4      | Found a deep blue altar of Sif Muna.
  2960 | D:4      | Found a shadowy altar of Dithmenos.
  3114 | D:4      | Reached *** piety under Trog
  3353 | D:4      | Found a staircase to the Ecumenical Temple.
  3362 | Temple   | Entered the Ecumenical Temple
  3904 | D:4      | Bought a +1 scale mail of poison resistance for 182 gold pieces
  4013 | D:5      | Entered Level 5 of the Dungeon
  4017 | D:5      | Reached skill level 1 in Staves
  4017 | D:5      | Reached XP level 8. HP: 70/70 MP: 7/7
  4179 | D:5      | Found a sand-covered staircase.
  4228 | D:5      | Found a radiant altar of Vehumet.
  4591 | D:5      | Reached skill level 5 in Staves
  4932 | D:5      | Found a glowing golden altar of the Shining One.
  5084 | D:6      | Reached XP level 9. HP: 72/80 MP: 8/8
  5397 | D:6      | Noticed Sigmund
  5402 | D:6      | Killed Sigmund
  5457 | D:6      | Reached **** piety under Trog
  5457 | D:6      | Reached skill level 5 in Dodging
  5552 | D:6      | Found a sparkling altar of Nemelex Xobeh.
  6100 | D:7      | Got an ichor-stained great mace
  6142 | D:7      | Identified the cursed +1 great mace "Trog's Vengeance" {crush, rN+++ Str-4 Int-5 SInv} (You found it on level 7 of the Dungeon)
  6428 | D:7      | Found a stormy altar of Qazlal.
  6819 | D:8      | Found a snail-covered altar of Cheibriados.
  6819 | D:8      | Found a white marble altar of Elyvilon.
  7060 | D:8      | Reached XP level 10. HP: 91/91 MP: 9/9
  7106 | D:8      | Reached ***** piety under Trog
  7303 | D:8      | Found Fefuffo's Food Shoppe.
  7721 | D:9      | Noticed a two-headed ogre
  7727 | D:9      | Killed a two-headed ogre
  7786 | D:9      | Noticed Prince Ribbit
  7798 | D:9      | Killed Prince Ribbit
  7798 | D:9      | Received a gift from Trog
  7812 | D:9      | Found a shattered altar of Ashenzari.
  7812 | D:9      | Found a glowing silver altar of Zin.
  8042 | D:9      | Noticed a two-headed ogre
  8052 | D:9      | Slain by a two-headed ogre

Skill      XL: |  1  2  3  4  5  6  7  8  9 10 |
---------------+-------------------------------+-----
Axes           | 4 |  4.1
Fighting       | 4 5 7 9 |  9.5
Short Blades   | 1 2 3 4 5 6 |  6.2
Armour         | 3 4 6 7 8 |  8.7
Dodging        | 3 4 5 6 |  6.2
Staves         | 1 6 9 |  9.7

Action                   |  1- 3 |  4- 6 |  7- 9 | 10-12 || total
-------------------------+-------+-------+-------+-------++-------
Melee: Hand axe          |     5 |       |       |       ||     5
       Dagger            |    22 |       |       |       ||    22
       Headbutt          |    10 |    13 |    47 |    12 ||    82
       Short sword       |    53 |    57 |    26 |       ||   136
       Quarterstaff      |       |       |   199 |    55 ||   254
Throw: Javelin           |       |       |     9 |       ||     9
Invok: Berserk           |     1 |     2 |     3 |     3 ||     9
       Burn Spellbooks   |       |     1 |       |       ||     1
Evoke: Wand              |       |       |     5 |       ||     5
  Use: Scroll            |     6 |     6 |    13 |     1 ||    26
       Potion            |     4 |     3 |     4 |     2 ||    13
 Stab: Paralysed         |       |       |     2 |     1 ||     3
       Petrifying        |       |       |       |     1 ||     1
  Eat: Chunk             |     2 |     2 |     5 |     2 ||    11
       Meat ration       |       |     1 |       |       ||     1
       Bread ration      |       |       |     1 |       ||     1
       Royal jelly       |       |       |     1 |     1 ||     2
       Fruit             |       |       |     5 |     3 ||     8
Armor: Animal skin       |     3 |       |       |       ||     3
       Ring mail         |    18 |     9 |     7 |       ||    34
       Skin              |    12 |       |       |       ||    12
       Scale mail        |       |       |    69 |    17 ||    86
Dodge: Dodged            |    40 |    24 |   104 |    18 ||   186
